 Dungeon Sprint DCSS version 0.30.1-9-gdf580d7c3d (webtiles) character file.

Game seed: 5465851849959806696

32 Heoruswealwe the Poker (level 3, 0/36 HPs)
             Began as a Minotaur Fighter on Oct 14, 2023.
             Slain by an iguana (12 damage)
             ... in the Dungeon (Sprint IX: "|||||||||||||||||||||||||||||").
             The game lasted 00:00:36 (38 turns).

Heoruswealwe the Poker (Minotaur Fighter)             Turns: 38, Time: 00:00:37

Health: 0/36       AC:  7    Str: 22    XL:     3   Next: 8%
Magic:  2/2        EV:  9    Int:  5    God:
Gold:   0          SH:  4    Dex:  9    Spells: 2/2 levels left

rFire   . . .        a - +0 trident
rCold   . . .        d - +0 buckler
rNeg    . . .        c - +0 scale mail
rPois   .            (helmet restricted)
rElec   .            (no cloak)
rCorr   .            (no gloves)
SInv    .            (no boots)
Will    .....        (no amulet) Stlth
                     (no ring)
HPRegen 0.26/turn    (no ring)
MPRegen 0.08/turn

%: no teleportation
@: no status effects
A: horns 2, retaliatory headbutt
a: no special abilities


You were in the Dungeon.
You visited 1 branch

Inventory:

Hand Weapons
 a - a +0 trident (weapon)
Armour
 c - a +0 scale mail (worn)
 d - a +0 buckler (worn)
Scrolls
 j - a scroll of blinking
Potions
 b - a potion of might
 e - a potion of curing
 f - a potion of heal wounds
 g - a potion of haste
 i - a potion of berserk rage


   Skills:
 + Level 5.1 Fighting
 * Level 5.7 Polearms
 + Level 5.1 Armour
 - Level 3.6 Shields


You had 2 spell levels left.
You didn't know any spells.
Your spell library was empty.

Dungeon Overview and Level Annotations

Branches:
Dungeon (1/1)

Altars:


Innate Abilities, Weirdness & Mutations

You have a pair of horns on your head.
You reflexively headbutt those who attack you in melee.


Message History

You hit the orc wizard. You headbutt the orc wizard.
The orc wizard is heavily wounded.
The orc wizard closely misses you.
You puncture the orc wizard!
The orc wizard is almost dead.
The orc wizard gestures wildly while chanting.
The orc wizard flickers and vanishes!
Deactivating autopickup; reactivate with Ctrl-A.
You hit something but do no damage. You headbutt something.
Reactivating autopickup.
You feel a bit more experienced.
Your Fighting skill increases to level 5!
Your Polearms skill increases to level 5!
Your Armour skill increases to level 5!
You have reached level 2!
You have reached level 3!
Your experience leads to an increase in your attributes!
Increase (S)trength, (I)ntelligence, or (D)exterity?
You feel stronger. x2
You closely miss the iguana. The iguana bites you!
The iguana closely misses you.
You closely miss the iguana.
You headbutt the iguana, but do no damage.
The iguana closely misses you.
You hit the iguana. Your headbutt misses the iguana.
The iguana is lightly wounded.
The iguana bites you!
You hit the iguana.
The iguana is lightly wounded.
The iguana bites you but does no damage.
You hit the iguana but do no damage.
The iguana is lightly wounded.
The iguana bites you.
You hit the iguana.
The iguana is heavily wounded.
You block the iguana's attack.
You hit the iguana.
The iguana is almost dead.
The iguana bites you!
You die... ▓▓▓▓▓▓▓▓▓▓▓▓▓▓▓▓▓▓ ▓<.!.†..@lcWJ....+ ▓▓▓▓▓▓▓▓▓▓▓▓▓▓▓▓▓▓

You could see a phantom, a centaur, an iguana and a jelly.

Vanquished Creatures
  An orc wizard (D)
  2 ball pythons (D)
  A bat (D)
  An endoplasm (D)
  A giant cockroach (D)
6 creatures vanquished.

Notes
Turn   | Place    | Note
-------+----------+-------------------------------------------
     0 | D        | Heoruswealwe the Minotaur Fighter began the quest for the
                  | Orb.
     0 | D        | Reached XP level 1. HP: 19/19 MP: 0/0
    20 | D        | Noticed an orc wizard
    20 | D        | Noticed an iguana
    20 | D        | Noticed a centaur
    20 | D        | Noticed a phantom
    20 | D        | Noticed a jelly
    31 | D        | Killed an orc wizard
    32 | D        | Reached skill level 5 in Fighting
    32 | D        | Reached skill level 5 in Polearms
    32 | D        | Reached skill level 5 in Armour
    32 | D        | Reached XP level 2. HP: 29/29 MP: 1/1
    32 | D        | Reached XP level 3. HP: 36/36 MP: 2/2
    38 | D        | Slain by an iguana

Illustrated notes

Levels and vault maps discovered:
D:        linesprint [early_d, line_temple, items_1, d_10, items_2, lair_1,
          lair_end, items_3, orc_1, orc_end, items_4, d_15, swamp_1, shoals_1,
          snake_1, spider_1, d_20, vaults_1, items_5, swamp_end, shoals_end,
          snake_end, spider_end, vaults_end, d_27, items_6, zot_1, zot_end,
          crypt_end, forest_end, elf_end, slime_end, tomb_end, abyss_end,
          pan_hell_end]

Skill      XL: |  1 |
---------------+----+-----
Fighting       | 5 |  5.1
Polearms       | 5 |  5.7
Armour         | 5 |  5.1
Shields        | |  3.6

Action                     || total
---------------------------++-------
  Melee: Trident           ||    21
         Headbutt          ||     5
 Armour: Scale mail        ||     2
  Dodge: Dodged            ||    13
  Block: Buckler           ||     6
